 Dungeon Crawl Stone Soup version 0.22-a0-252-gcace5d2 (webtiles) character file.

48 mhoghedin the Chiller (level 3, -2/24 HPs)
             Began as a Barachi Ice Elementalist on Mar 1, 2018.
             Slain by a worm (11 damage)
             ... on level 2 of the Dungeon.
             The game lasted 00:03:40 (1818 turns).

mhoghedin the Chiller (Barachi Ice Elementalist)    Turns: 1818, Time: 00:03:40

Health: -2/24      AC:  3    Str:  9    XL:     3   Next: 72%
Magic:  3/7        EV: 12    Int: 16    God:
Gold:   95         SH:  0    Dex: 12    Spells: 2/8 levels left

rFire    . . .     SeeInvis .   e - +0 dagger
rCold    . . .     Gourm    +   (no shield)
rNeg     . . .     Faith    .   a - +0 robe
rPois    .         Spirit   .   (no helmet)
rElec    .         Reflect  .   (no cloak)
rCorr    .         Harm     .   (no gloves)
MR       .....                  h - +0 pair of boots
Stlth    ++........             g - amulet of the gourmand {Gourm, !d}
HPRegen  0.08/turn              (no ring)
MPRegen  0.10/turn              (no ring)

@: slow
A: +LOS, swims, slowness 1, strong legs 1
a: Hop


You were on level 2 of the Dungeon.
You were full.

You visited 1 branch of the dungeon, and saw 2 of its levels.

You collected 95 gold pieces.

Inventory:

Hand Weapons
 e - a +0 dagger (weapon)
   (You found it on level 1 of the Dungeon)
Armour
 a - a +0 robe (worn)
 h - a +0 pair of boots (worn)
   (You found it on level 1 of the Dungeon)
Jewellery
 g - an amulet of the gourmand (around neck) {Gourm, !d}
   (You found it on level 1 of the Dungeon)
Scrolls
 b - a scroll of fear {unknown}
 d - a scroll of enchant armour {unknown}
 i - 2 scrolls of remove curse {unknown}
 l - a scroll of random uselessness {unknown}
 m - 4 scrolls of identify {unknown}
 o - a scroll of amnesia {unknown}
 p - a scroll of teleportation {unknown}
Potions
 f - 2 potions of brilliance {unknown}
 j - a potion of flight {unknown}
 k - a potion of cancellation {unknown}
 n - a potion of invisibility {unknown}
Comestibles
 c - a ration


   Skills:
 - Level 2.1 Dodging
 - Level 1.7 Stealth
 + Level 3.1 Spellcasting
 + Level 1.7 Conjurations
 + Level 4.5 Ice Magic


You had 2 spell levels left.
You knew the following spells:

 Your Spells              Type           Power        Failure   Level  Hunger
a - Freeze                Ice            ###.         2%          1    None
x - Throw Frost           Conj/Ice       ##....       8%          2    ##.....
A - Ozocubu's Armour      Chrm/Ice       #.......     22%         3    ###....


Dungeon Overview and Level Annotations

Branches:
Dungeon (2/15)

Altars:
Gozag
Makhleb
Trog


Innate Abilities, Weirdness & Mutations

Shadows flee at your approach. (+LOS)
You can swim through water.
You cover ground slowly.
You can hop short distances.


Message History

Items here: )) ÷÷÷ a club x2; a hobgoblin skeleton x2; a rat skeleton You regained 3 hp, and now have 23/24 hp.
MP restored: 7
Things that are here:
a dagger; a goblin skeleton You now have 81 gold pieces (gained 10).
There is a bloodstained altar of Trog here.
Things that are here:
a runed dagger; an animal skin; Health restored: 24
m - 3 scrolls labeled PAAS LUIKLIHAD (gained 1)
Found an escape hatch in the floor.
You now have 95 gold pieces (gained 14).
A worm comes into view.
A worm is nearby!
Aim: a worm You freeze the worm.
The worm misses you.
You now have 6/7 mp.
Aim: a worm (moderately wounded)
You freeze the worm.
You now have 5/7 mp.
Aim: a worm (heavily wounded)
You freeze the worm. The worm closely misses you.
You now have 4/7 mp.
Aim: a worm (heavily wounded)
You freeze the worm.
You now have 3/7 mp.
Aim: a worm (severely wounded)
You freeze the worm. The worm barely misses you.
You now have 2/7 mp.
Aim: a worm (severely wounded)
You freeze the worm.
You kill the worm!
You now have 1/7 mp.
You can't see any susceptible monsters within range! (Use Z to cast anyway.) Unknown command.
Memorise Ozocubu's Armour, consuming 3 spell levels and leaving 2?
You start memorising the spell.
You continue memorising. x3
You finish memorising.
Spell assigned to 'A'.
Okay, then.
Unknown command.
You start resting.
MP restored: 7
m - 4 scrolls labeled PAAS LUIKLIHAD (gained 1)
A ball python comes into view.
You hit the ball python but do no damage.
The ball python bites you but does no damage.
The ball python grabs you. The ball python constricts you.
The ball python barely misses you. The ball python constricts you.
Aim: a ball python (constricting you)
You freeze the ball python.
The ball python seems to slow down.
You now have 6/7 mp.
A ball python is nearby!
A ball python is nearby!
You hit the ball python. The ball python barely misses you.
The ball python constricts you.
You take 1 damage, and have 23/24 hp.
You hit the ball python but do no damage.
The ball python bites you. The ball python constricts you.
You take 3 damage, and have 20/24 hp.
You hit the ball python.
You kill the ball python!
p - a scroll labeled ZYIDEPS YHETESE You see here a ball python corpse.
A worm comes into view.
MP restored: 7 A worm is nearby!
No target in view!
No target in view!
No target in view!
No target in view!
No target in view!
No target in view!
No target in view!
Unknown command.
A quokka comes into view.
There are monsters nearby!
Okay, then.
Unknown command.
A goblin and a dart slug come into view.
Found a ration.
Found an escape hatch in the ceiling.
Aim: a quokka (resting)
You freeze the quokka.
You kill the quokka!
The dart slug launches a dart at you. The slug dart hits you!
You take 4 damage, and have 17/24 hp.
You now have 6/7 mp.
A worm is nearby!
Aim: a worm You freeze the worm.
You now have 5/7 mp.
Aim: a worm (moderately wounded)
You freeze the worm. The worm bites you!
You take 9 damage, and have 9/24 hp.
MASSIVE DAMAGE!!
You now have 4/7 mp.
Aim: a worm (moderately wounded)
You freeze the worm. The worm bites you!
You die...

.........†.########.......<
...........######..........
.......###...##.....).%....
...÷.............#.# ....#
....<..##..........#g....#
.......##......)...#.....#
..........÷...##.....###...
..............##w#.....w...
................@#....#####
.................#....#
..............#......$#
##....###.............#
(......######..###....#
.....### #..# #....# ...#.#
...# #....# .....# ....P
####.# .....# #...... ##


You could see a worm.

Vanquished Creatures
  A worm (D:2)
  2 dart slugs
  2 leopard geckos (D:1)
  4 bats
  2 giant cockroaches (D:1)
  7 goblins
  5 hobgoblins
  A quokka (D:2)
  2 ball pythons
  3 frilled lizards
  2 kobolds (D:1)
  5 rats
36 creatures vanquished.

Notes
Turn   | Place    | Note
-------+----------+-------------------------------------------
     0 | D:1      | mhoghedin the Barachi Ice Elementalist began the quest for the Orb.
     0 | D:1      | Reached XP level 1. HP: 13/13 MP: 3/3
   259 | D:1      | Reached XP level 2. HP: 19/19 MP: 2/5
   274 | D:1      | Reached skill level 4 in Ice Magic
   414 | D:1      | Learned a level 2 spell: Throw Frost
   908 | D:1      | Reached XP level 3. HP: 23/24 MP: 1/7
  1305 | D:2      | Found a burning altar of Makhleb.
  1305 | D:2      | Found an opulent altar of Gozag.
  1307 | D:2      | Found a bloodstained altar of Trog.
  1316 | D:2      | Reached skill level 3 in Spellcasting
  1345 | D:1      | HP: 6/24 [leopard gecko (4)]
  1354 | D:1      | HP: 5/24 [bat (1)]
  1709 | D:2      | Learned a level 3 spell: Ozocubu's Armour
  1818 | D:2      | Slain by a worm

Vault maps used:
D:1:      shiori_shiawase, serial_forest, infiniplex_forest_clump_cross,
          infiniplex_forest_clump_double, infiniplex_forest_clump_double,
          infiniplex_forest_clump_curved, infiniplex_forest_end_2,
          infiniplex_forest_end_1, infiniplex_forest_clump_large,
          infiniplex_forest_clump_medium
D:2:      marbit_many_paths, chequers_temple_overflow_statue_of_worship,
          bloody_trog, grunt_temple_overflow_growth_and_decay

Skill      XL: |  1  2  3 |
---------------+----------+-----
Ice Magic      | 4 |  4.5
Spellcasting   | 3 |  3.1
Dodging        | |  2.1
Stealth        | |  1.7
Conjurations   | |  1.7

Action                   || total
-------------------------++-------
Melee: Dagger            ||    30
 Cast: Freeze            ||    48
       Throw Frost       ||     6
 Abil: Hop               ||     2
  Eat: Chunk             ||    13
Armor: Robe              ||    30
Dodge: Dodged            ||   100

Table legend:
 A = Spawn XP
 B = Non-spawn XP
 C = Spawn XP percentage of total XP
 D = Spawn monster count
 E = Non-spawn monster count
 F = Spawn count percentage of total count
 G = Total turns spent on level
                    A         B        C        D         E        F      G
               +---------+---------+-------+---------+---------+-------+---------
         Total |       0 |      69 |   0.0 |       0 |      36 |   0.0 |  1818
               +---------+---------+-------+---------+---------+-------+---------
           D:1 |       0 |      45 |   0.0 |       0 |      24 |   0.0 |  1569
           D:2 |       0 |      24 |   0.0 |       0 |      12 |   0.0 |   249
               +---------+---------+-------+---------+---------+-------+---------

Vault maps used:
D:1:      shiori_shiawase, serial_forest, infiniplex_forest_clump_cross,
          infiniplex_forest_clump_double, infiniplex_forest_clump_double,
          infiniplex_forest_clump_curved, infiniplex_forest_end_2,
          infiniplex_forest_end_1, infiniplex_forest_clump_large,
          infiniplex_forest_clump_medium
D:2:      marbit_many_paths, chequers_temple_overflow_statue_of_worship,
          bloody_trog, grunt_temple_overflow_growth_and_decay

Table legend:
 A = Turns spent in this place as a percentage of turns spent in the entire game.
 B = Non-inter-level travel turns spent in this place as a percentage of non-inter-level travel turns spent in the entire game.
 C = Inter-level travel turns spent in this place as a percentage of turns spent in this place.
 D = Turns resting spent in this place as a percentage of non-inter-level travel turns spent in this place.
 E = Turns spent auto-exploring this place as a percentage of non-inter-level travel turns spent in this place.
 F = Non-inter-level travel turns spent in this place divided by the number of levels of this place that you've seen.
                   A       B       C       D       E      F
               +-------+-------+-------+-------+-------+----------------------
         Total | 100.0 | 100.0 |   1.9 |  37.9 |  45.3 | 892.0
       Dungeon | 100.0 | 100.0 |   1.9 |  37.9 |  45.3 | 892.0
               +-------+-------+-------+-------+-------+----------------------

Table legend:
 A = Kills in this place as a percentage of kills in entire the game.
 B = Kills by you in this place as a percentage of kills by you in the entire game.
 C = Kills by friends in this place as a percentage of kills by friends in the entire game.
 D = Other kills in this place as a percentage of other kills in the entire game.
 E = Experience gained in this place as a percentage of experience gained in the entire game.
 F = Experience gained in this place divided by the number of levels of this place that you have seen.
                   A       B       C       D       E      F
               +-------+-------+-------+-------+-------+----------------------
         Total | 100.0 | 100.0 |   N/A |   N/A | 100.0 |  34.5
       Dungeon | 100.0 | 100.0 |   N/A |   N/A | 100.0 |  34.5
               +-------+-------+-------+-------+-------+----------------------
